 Seeded DCSS version 0.29.1-15-g9cfb28693d (webtiles) character file.

Game seed: 1 (custom seed)

49644 Kazon the Covert (level 14, -10/74 HPs)
             Began as a Vine Stalker Fighter on Mar 6, 2023.
             Was a High Priest of Makhleb.
             Mangled by Rupert
             ... wielding a +2 executioner's axe of venom
              (16 damage)
             ... on level 12 of the Dungeon on Mar 7, 2023.
             The game lasted 01:17:23 (13484 turns).

Kazon the Covert (Vine Stalker Fighter)            Turns: 13484, Time: 01:17:23

Health: -10/74     AC: 13    Str: 21    XL:     14   Next: 51%
Magic:  0/30       EV: 15    Int: 10    God:    Makhleb [*****.]
Gold:   341        SH:  8    Dex: 21    Spells: 13/13 levels left

rFire   + + +      SeeInvis .   r - +1 rapier (speed)
rCold   + . .      Faith    .   c - +2 buckler
rNeg    . . .      Spirit   +   R - +0 troll leather armour
rPois   +          Reflect  .   l - +0 helmet
rElec   .          Harm     .   U - scarf {rC+ rF+}
rCorr   .          Rampage  .   y - +3 pair of gauntlets of War {Slay+5}
Will    +....                   n - +2 pair of boots
Stlth   +++.......              e - amulet "Odemouw" {Contam rPois rF+++ Regen+ Stlth+}
HPRegen 2.62/turn               K - ring of magical power
MPRegen 0.22/turn               E - +6 ring of dexterity

@: lethally poisoned (-10 -> -10), very slow
A: fangs 3, regeneration 1, magic shield, antimagic bite, no potion heal 2
a: Renounce Religion, Minor Destruction, Lesser Servant of Makhleb, Major
Destruction, Greater Servant of Makhleb


You were on level 12 of the Dungeon.
You worshipped Makhleb.
Makhleb was extremely pleased with you.
You visited 3 branches of the dungeon, and saw 18 of its levels.

You collected 1301 gold pieces.
You spent 960 gold pieces at shops.

Inventory:

Hand Weapons
 f - the +2 Maxwell's thermic engine {flame, freeze}
   (You found it on level 1 of the Lair of Beasts)

   It burns those it strikes, dealing additional fire damage.
   Big, fiery blades are also staple armaments of hydra-hunters.
   It freezes those it strikes, dealing additional cold damage.
   It can also slow down cold-blooded creatures.
   It becomes more effective when it hits something.
   This effect fades over time.
 r - a +1 rapier of speed (weapon)
 s - the +3 falchion of Winter {venom, rCorr}
   (You bought it in a shop on level 3 of the Dungeon)

   It poisons the flesh of those it strikes.
   rCorr:     It protects you from acid and corrosion.
Missiles
 j - a throwing net
 q - 23 boomerangs
 B - 6 curare-tipped darts
 Q - 43 poisoned darts (quivered)
Armour
 c - a +2 buckler (worn)
 l - a +0 helmet (worn)
 n - a +2 pair of boots (worn)
 y - the +3 pair of gauntlets of War (worn) {Slay+5}
   (You acquired it on level 1 of the Dungeon)

   Slay:      It affects your accuracy & damage with ranged weapons and melee
   (+5).
 R - a +0 troll leather armour (worn)
 U - a scarf of resistance (worn)
Jewellery
 e - the amulet "Odemouw" (around neck) {Contam rPois rF+++ Regen+ Stlth+}
   (You bought it in a shop on level 8 of the Dungeon)

   [amulet of regeneration]

   rF:        It renders you almost immune to fire.
   rPois:     It protects you from poison.
   Contam:    It causes magical contamination when unequipped.
   Regen:     It increases your rate of health regeneration.
   Stlth:     It makes you more stealthy.
 k - a ring of positive energy
 E - a +6 ring of dexterity (right hand)
 F - a ring of protection from cold
 K - a ring of magical power (left hand)
 O - a ring of protection from cold
 P - a ring of positive energy
Wands
 A - a wand of mindburst (32)
 C - a wand of flame (25)
 J - a wand of paralysis (26)
 M - a wand of roots (11)
 S - a wand of polymorph (11)
Scrolls
 i - 3 scrolls of identify
 o - a scroll of immolation
 p - 2 scrolls of poison
 u - a scroll of enchant armour
 v - 5 scrolls of teleportation
 w - a scroll of magic mapping
 z - a scroll of silence
 D - 4 scrolls of fog {unknown}
 G - 4 scrolls of enchant weapon {unknown}
 I - a scroll of summoning {unknown}
 L - 3 scrolls of fear
 X - 2 scrolls of brand weapon {unknown}
Potions
 a - 2 potions of ambrosia {unknown}
 b - 4 potions of berserk rage {unknown}
 d - 3 potions of might
 g - 3 potions of haste
 h - 2 potions of flight
 m - 3 potions of cancellation
 t - 4 potions of curing
 x - 8 potions of lignification {unknown}
 H - 4 potions of magic
 T - 2 potions of invisibility
 Z - 2 potions of mutation
Miscellaneous
 N - a condenser vane
 V - a phantom mirror (inert)
 W - a phial of floods (inert)
 Y - a lightning rod (4/4)


   Skills:
 * Level 8.3 Fighting
 + Level 8.3(10.3) Short Blades
 + Level 9.6(10.9) Long Blades
 + Level 6.1 Throwing
 + Level 5.9 Armour
 + Level 5.6 Dodging
 + Level 9.6 Stealth
 + Level 6.2 Shields
 + Level 8.9 Invocations
 * Level 8.8 Evocations


You had 13 spell levels left.
You didn't know any spells.
Your spell library contained the following spells:

 Spells                   Type           Power      Damage    Failure   Level
 Apportation              Tloc           0%         N/A       50%         1
 Magic Dart               Conj           0%         1d3       50%         1
 Necrotise                Necr           0%         1d4       50%         1
 Sting                    Tmut/Pois      0%         1d3       50%         1
 Summon Small Mammal      Summ           0%         N/A       50%         1
 Call Imp                 Summ           0%         N/A       63%         2
 Poisonous Vapours        Pois/Air       0%         N/A       63%         2
 Mephitic Cloud           Conj/Pois/Air  0%         N/A       86%         3
 Ozocubu's Armour         Ice            0%         N/A       86%         3
 Animate Armour           Summ/Erth      0%         N/A       99%         4
 Olgreb's Toxic Radiance  Pois           0%         N/A       99%         4
 Blade Hands              Tmut           0%         N/A       100%        5
 Fireball                 Conj/Fire      0%         3d3       100%        5
 Iskenderun's Battlesphe  Conj           0%         2d6       100%        5
 Metabolic Englaciation   Hex/Ice        0%         N/A       100%        5
 Conjure Ball Lightning   Conj/Air       0%         3x3d6     100%        6
 Iron Shot                Conj/Erth      0%         9d1       100%        6
 Simulacrum               Ice/Necr       0%         N/A       100%        6
 Orb of Destruction       Conj           0%         9d5       100%        7
 Ozocubu's Refrigeration  Ice            0%         4d7       100%        7


Dungeon Overview and Level Annotations

Branches:
Dungeon (12/15)            Temple (1/1) D:7            Lair (5/5) D:10
 Shoals (0/4) Lair:3       Spider (0/4) Lair:3        Slime (0/5) Lair:4
    Orc: D:9-12

Altars:
Ashenzari
Dithmenos
Elyvilon
Gozag
Hepliaklqana
Kikubaaqudgha
Makhleb
Okawaru
Qazlal
Uskayaw
Jiyva

Shops:
D:3 (   D:8 ?(==   D:10 :

Annotations:
D:12 Rupert


Innate Abilities, Weirdness & Mutations

You have razor-sharp teeth.
Your natural rate of healing is unusually fast.
When hurt, damage is shared between your health and your magic reserves.
Your bite disrupts and absorbs the magic of your enemies.
Potions cannot restore your health.


Message History

You feel invigorated.
Rupert is severely wounded.
You feel sick.
Rupert hits you with a +2 executioner's axe of venom!!
You barely miss Rupert.
Rupert is severely wounded.
You feel sick.
Rupert hits you with a +2 executioner's axe of venom!!!
* * * LOW HITPOINT WARNING * * *
You hit Rupert.
Rupert is severely wounded.
You feel sick.
Aiming: Mindburst
Press: ? - help, Shift-Dir - straight line, f - Rupert
Aim: Rupert, wielding a +2 executioner's axe of venom and wearing a +0 leather armour (severely wounded, berserk, chance to affect: 27%)
Okay, then.
Unknown command.
Aim the phial where?
Press: ? - help, Shift-Dir - straight line, f - Rupert
Aim: Rupert, wielding a +2 executioner's axe of venom and wearing a +0 leather armour (severely wounded, berserk)
The torrent of water hits Rupert!!
Rupert is almost dead.
Rupert is knocked back by the torrent of water.
The wave splashes down.
Splash!
You fall into the shallow water.
Moving in this stuff is going to be slow.
Rupert is engulfed in water.
You feel very sick.
You hit Rupert. Your bite misses Rupert.
Rupert is almost dead.
You feel sick.
Your unstable footing causes you to fumble your attack.
You feel sick. You block Rupert's attack.
You puncture Rupert! You bite Rupert. You drain his power.
You feel invigorated.
Rupert is almost dead.
You feel sick.
Rupert hits you with a +2 executioner's axe of venom!!
You die...

#.#...###..................##
#.......########.###.........
#................# ###......<
#.......########## #......[
#.#...### ####.... #.#...#
#####... #.##.## ........ #(
#.# ######~# ######.# .. #.#
#.@@~~# #.# ## #[# #.####~#
#. #.# #.# #. #.# #.# #. #.#
#.# #. #.# #.# #. #.######.#
#........# ###..........#


You could see Rupert (berserk, waterlogged).

Vanquished Creatures
  Fannar (Lair:2)
  Erolcha (D:10)
  4 catoblepae
  A two-headed ogre (D:9)
  10 death yaks
  Lodul (D:12)
  An ugly thing (D:11)
  5 elephants (Lair:4)
  2 manticores (Lair:5)
  5 black mambas
  11 cane toads
  Maggie (D:6)
  4 rime drakes
  An unseen horror (D:11)
  15 komodo dragons
  4 kobold demonologists (D:11)
  A tengu conjurer (D:12)
  4 trolls
  Prince Ribbit (D:9)
  A polar bear (Lair:4)
  17 blink frogs
  5 dream sheep (Lair:4)
  A snapping turtle (Lair:3)
  2 shadows
  A vampire (D:10)
  62 yaks
  5 wyverns
  3 basilisks
  Eustachio (D:5)
  2 steam dragons
  Menkaure (D:5)
  Edmund (D:6)
  2 acid dragons
  16 water moccasins
  5 orc warriors
  An ice beast (D:8)
  5 sky beasts
  2 black bears (D:6)
  5 centaurs
  7 ogres
  A wolf (D:10)
  2 phantoms (D:6)
  3 kobold brigands
  3 necrophages
  6 bullfrogs
  10 scorpions
  21 wights
  3 killer bees (D:10)
  3 electric eels
  A howler monkey (D:5)
  2 jellies (D:6)
  6 hounds
  7 orc priests
  A gnoll bouda (D:7)
  6 iguanas
  4 orc wizards
  4 hell rats (Lair:3)
  Robin (D:3)
  12 gnolls
  13 adders
  3 shadow imps
  2 white imps (D:7)
  An ufetubus (D:5)
  4 worms
  37 orcs
  11 endoplasms
  3 giant cockroaches
  16 goblins
  9 hobgoblins
  A jackal (D:4)
  27 kobolds
  A quokka (D:1)
  5 ball pythons
  4 bats
  3 frilled lizards
  6 rats
460 creatures vanquished.

Vanquished Creatures (collateral kills)
  A yak (Lair:5)
1 creature vanquished.

Vanquished Creatures (others)
  A quokka (D:7)
  22 fungi
  35 plants
58 creatures vanquished.

Grand Total: 519 creatures vanquished

Notes
Turn   | Place    | Note
-------+----------+-------------------------------------------
     0 | D:1      | Kazon the Vine Stalker Fighter began the quest for the Orb.
     0 | D:1      | Reached XP level 1. HP: 11/11 MP: 2/2
    34 | D:1      | Identified a scroll of acquirement
    34 | D:1      | Acquired the +3 pair of gauntlets of War {Slay+5}
    34 | D:1      | Found the +3 pair of gauntlets of War {Slay+5}
   126 | D:1      | Reached XP level 2. HP: 16/16 MP: 3/3
   665 | D:2      | Reached XP level 3. HP: 20/20 MP: 4/4
  1157 | D:2      | Gained mutation: Your natural rate of healing is unusually
                  | fast. [Vine Stalker growth]
  1157 | D:2      | Reached XP level 4. HP: 24/24 MP: 5/5
  1288 | D:3      | Found Umat's Antique Weapon Boutique.
  1341 | D:3      | Bought a crude falchion for 184 gold pieces
  1341 | D:3      | Identified the +3 falchion of Winter {venom, rCorr} (You
                  | bought it in a shop on level 3 of the Dungeon)
  1468 | D:3      | Reached XP level 5. HP: 28/28 MP: 6/6
  1558 | D:3      | Noticed Robin
  1574 | D:3      | Reached skill level 1 in Throwing
  1576 | D:3      | Killed Robin
  1773 | D:3      | Reached skill level 5 in Fighting
  1773 | D:3      | Reached skill level 5 in Long Blades
  1773 | D:3      | Reached skill level 5 in Stealth
  1773 | D:3      | Reached XP level 6. HP: 35/35 MP: 7/7
  2119 | D:4      | Reached XP level 7. HP: 34/39 MP: 8/8
  2232 | D:4      | Reached skill level 5 in Armour
  2463 | D:4      | Found a hazy altar of Hepliaklqana.
  2827 | D:5      | Entered Level 5 of the Dungeon
  2857 | D:5      | Noticed Eustachio
  2891 | D:5      | Killed Eustachio
  2892 | D:5      | Gained mutation: You have razor-sharp teeth. [Vine Stalker
                  | growth]
  2892 | D:5      | Reached XP level 8. HP: 38/43 MP: 9/9
  2895 | D:5      | Reached skill level 1 in Evocations
  3096 | D:5      | Noticed Menkaure
  3113 | D:5      | Killed Menkaure
  3683 | D:6      | Reached skill level 5 in Throwing
  3683 | D:6      | Reached XP level 9. HP: 31/47 MP: 6/10
  3789 | D:7      | Found a staircase to the Ecumenical Temple.
  3799 | Temple   | Entered the Ecumenical Temple
  3804 | Temple   | Became a worshipper of Makhleb the Destroyer
  3875 | D:7      | Found a hide-covered altar of Uskayaw.
  3947 | D:6      | Reached skill level 5 in Shields
  3977 | D:6      | Reached skill level 1 in Invocations
  4032 | D:6      | Noticed Edmund
  4041 | D:6      | Killed Edmund
  4173 | D:6      | Reached * piety under Makhleb
  4242 | D:6      | Reached XP level 10. HP: 51/51 MP: 12/12
  4305 | D:6      | Noticed Maggie
  4324 | D:6      | Killed Maggie
  4758 | D:7      | Reached skill level 5 in Short Blades
  4898 | D:7      | Found a white marble altar of Elyvilon.
  5125 | D:8      | Found Quzidd's Magic Scroll Emporium.
  5130 | D:8      | Bought a scroll of teleportation for 42 gold pieces
  5210 | D:8      | Found Esumer's Weapon Shop.
  5289 | D:8      | Reached ** piety under Makhleb
  5512 | D:8      | Found Heidghoki's Jewellery Shop.
  5653 | D:8      | Found Zoxtaeshakh's Jewellery Boutique.
  6436 | D:9      | Noticed Prince Ribbit
  6442 | D:9      | Killed Prince Ribbit
  6616 | D:9      | Noticed a two-headed ogre
  6625 | D:9      | Killed a two-headed ogre
  6626 | D:9      | Reached XP level 11. HP: 52/56 MP: 15/15
  6658 | D:10     | Entered Level 10 of the Dungeon
  6895 | D:10     | Found a staircase to the Lair.
  6900 | D:10     | Reached skill level 5 in Evocations
  6985 | D:10     | Noticed Erolcha
  6994 | D:10     | Killed Erolcha
  6994 | D:10     | Reached *** piety under Makhleb
  7016 | D:10     | Identified the +5 long sword of the Land of Plenty {drain,
                  | Dex+3}
  7022 | D:10     | Found Juagoaq's Book Shoppe.
  7311 | D:10     | Reached skill level 5 in Invocations
  7889 | D:11     | Reached **** piety under Makhleb
  8000 | D:11     | Noticed a green ugly thing
  8005 | D:11     | Killed a green ugly thing
  8207 | D:11     | Reached XP level 12. HP: 61/61 MP: 17/17
  8802 | D:12     | Noticed Lodul
  8814 | D:12     | Killed Lodul
  8815 | D:12     | Reached skill level 5 in Dodging
  8954 | D:8      | Bought the amulet "Odemouw" {Contam rPois rF+++ Regen+
                  | Stlth+} for 734 gold pieces
  9025 | Lair:1   | Entered Level 1 of the Lair of Beasts
  9135 | Lair:1   | Found the +2 Maxwell's thermic engine {flame, freeze}
  9330 | Lair:1   | You fall into a shaft and drop 1 floor!
  9810 | Lair:2   | Noticed a catoblepas
  9810 | Lair:2   | Noticed Fannar
  9833 | Lair:2   | Killed a catoblepas
  9880 | Lair:2   | Killed Fannar
  9881 | Lair:2   | Reached XP level 13. HP: 66/66 MP: 19/19
 10674 | Lair:3   | Reached ***** piety under Makhleb
 10701 | Lair:3   | Found a hole to the Spider Nest.
 10871 | Lair:3   | Found an ancient bone altar of Kikubaaqudgha.
 10930 | Lair:3   | Found a staircase to the Shoals.
 11490 | Lair:4   | Found a staircase to the Slime Pits.
 11492 | Lair:4   | Found a viscous altar of Jiyva.
 11857 | Lair:4   | Identified the +3 battleaxe "Adididghufym" {antimagic, rF+
                  | Will+}
 11933 | Lair:5   | Entered Level 5 of the Lair of Beasts
 12233 | Lair:5   | Reached XP level 14. HP: 72/72 MP: 21/21
 13466 | D:12     | Noticed Rupert
 13484 | D:12     | Mangled by Rupert

Illustrated notes

Levels and vault maps discovered:
D:1:      dpeg_arrival_three_smaller_balls, layout_basic
D:2:      layout_loops_ring
D:3:      layout_basic, serial_shops, nicolae_shop_stone, st_stairs_9,
          minmay_misc_feat_doors, eino_curves_03, uniq_robin
D:4:      minmay_wonky_spiral, layout_basic,
          mainiacjoe_overflow_surrounded_room, minivault_5
D:5:      layout_cave_pods, uniq_menkaure, uniq_eustachio
D:6:      cheibrodos_barr_body, layout_basic, minmay_crystal_room,
          minmay_pentangle, uniq_maggie, uniq_edmund
D:7:      layout_cave_pools, nicolae_uskayaw_murder_on_the_dancefloor,
          elyvilon_altar_4, minmay_temple_entry_purple_smoke
D:8:      layout_basic, serial_shops, shop_statue, kennysheep_little_box, shop,
          nicolae_shop_window_shopping
D:9:      layout_cave_pools, uniq_prince_ribbit1
D:10:     layout_stronghold, erik_lair_island, serial_shops,
          nicolae_shop_statue_plus, uniq_erolcha
D:11:     layout_roguey
D:12:     layout_loops_ring, orc_0_dummy, chequers_serial_rivers_marsh,
          uniq_lodul, uniq_nessos, uniq_rupert
Temple:   nicolae_temple_bog_church
Lair:1:   layout_long_grid, fungi_pond_lemuel, cheibrodos_lair_reptile_den
Lair:2:   layout_gridlike, uniq_fannar
Lair:3:   layout_roguey, minmay_shoals_entry_hut,
          nicolae_spider_entry_non_spiders, basic_altar, serial_bayou_crossing
Lair:4:   layout_gridlike, slime_entry_1, serial_rivers,
          chequers_serial_rivers_room_a, chequers_serial_rivers_micro_c,
          chequers_serial_rivers_room_a, chequers_serial_rivers_micro_e,
          minivault_27, grunt_megastairs_3, infiniplex_staircase_pool_2
Lair:5:   evilmike_catoblepas_cave, layout_long_grid

Skill      XL: |  1  2  3  4  5  6  7  8  9 10 11 12 13 14 |
---------------+-------------------------------------------+-----
Long Blades    | 2 5 6 7 9 |  9.6
Fighting       | 3 5 6 7 8 |  8.3
Armour         | 3 4 5 |  5.9
Shields        | 3 4 5 6 |  6.2
Throwing       | 3 4 5 6 |  6.1
Short Blades   | 3 4 5 6 7 8 |  8.3
Dodging        | 3 4 5 |  5.6
Stealth        | 5 6 8 9 |  9.6
Evocations     | 2 3 4 5 7 8 |  8.8
Invocations    | 2 4 6 7 8 |  8.9

Action                   |  1- 3 |  4- 6 |  7- 9 | 10-12 | 13-15 || total
-------------------------+-------+-------+-------+-------+-------++-------
Melee: Long sword        |    50 |       |       |   102 |       ||   152
       Bite              |    11 |     6 |    71 |   172 |   170 ||   430
       Dagger            |       |    56 |    54 |       |       ||   110
       Falchion          |       |       |    51 |   114 |    16 ||   181
       Rapier            |       |       |    84 |   252 |   266 ||   602
       Double sword      |       |       |       |    21 |   122 ||   143
Throw: Stone             |     9 |    19 |    35 |    36 |       ||    99
       Boomerang         |       |    14 |    30 |    21 |       ||    65
       Dart              |       |       |       |     9 |    13 ||    22
Invok: Minor Destruction |       |       |       |    96 |    58 ||   154
       Lesser Servant of |       |       |       |       |     2 ||     2
Evoke: Wand              |       |       |     3 |    10 |     9 ||    22
       Phial of floods   |       |       |       |       |     1 ||     1
       Phantom mirror    |       |       |       |       |     1 ||     1
  Use: Scroll            |     1 |       |     3 |     2 |    12 ||    18
       Potion            |       |     1 |     2 |     1 |       ||     4
 Stab: Sleeping          |       |       |     6 |    15 |    20 ||    41
       Distracted        |       |       |       |       |     2 ||     2
Armor: Scale mail        |    18 |    26 |    19 |       |       ||    63
       Leather armour    |       |       |    62 |    36 |       ||    98
       Troll leather arm |       |       |       |    48 |    58 ||   106
Dodge: Dodged            |    44 |    12 |    97 |   192 |   121 ||   466
Block: Buckler           |     8 |    10 |    43 |    70 |    86 ||   217
